 Dungeon Crawl Stone Soup version 0.31.0-4-g52a2dc7128 (webtiles) character file.

Game seed: 2904533233525069548

6 stipulation the Ruffian (level 1, 0/19 HPs)
             Began as a Ghoul Monk on Jan 21, 2024.
             Slain by a kobold
             ... wielding a +0 club
              (2 damage)
             ... on level 1 of the Dungeon.
             The game lasted 00:00:14 (141 turns).

stipulation the Ruffian (Ghoul Monk)                 Turns: 141, Time: 00:00:15

Health: 0/19       AC:  2    Str: 14    XL:     1   Next: 90%
Magic:  1/1        EV:  9    Int:  9    God:
Gold:   0          SH:  0    Dex: 11    Spells: 0/0 levels left

rFire   . .          .
                       - Unarmed
rCold   + . .        c - orb {light}
rNeg    + + +        a - +0 robe
rPois   ∞            (no helmet)
rElec   .            (no cloak)
rCorr   .            (no gloves)
SInv    .            (no boots)
Will    .....        (no amulet)
Stlth   +            (no ring)
HPRegen 0.00/turn    (no ring)
MPRegen 0.07/turn

%: no passive effects
@: inhibited regen, glowing, constricted
A: claws 1, cold resistance 1, negative energy resistance 3, inhibited
regeneration, torment resistance 2, devour on kill
a: no special abilities


You were on level 1 of the Dungeon.
You visited 1 branch of the dungeon, and saw 1 of its levels.

Inventory:

Armour
 a - a +0 robe (worn)
 c - an orb of light (worn)
Potions
 b - a potion of ambrosia
 d - a potion of haste {unknown}


   Skills:
 - Level 3.2 Fighting
 - Level 2.6 Dodging
 + Level 3.8 Unarmed Combat


You couldn't memorise any spells.
You didn't know any spells.
Your spell library contained the following spells:

 Spells                   Type           Power      Damage    Failure   Level
 Slow                     Hex            0%         N/A       38%         1
 Confusing Touch          Hex            0%         N/A       77%         3
 Sigil of Binding         Hex            0%         N/A       77%         3
 Vampiric Draining        Necr           0%         2d6       77%         3


Dungeon Overview and Level Annotations

Branches:
Dungeon (1/15)

Altars:


Innate Abilities, Weirdness & Mutations

You are immune to poison.
You have sharp fingernails.
Your flesh is cold resistant. (rC+)
You are immune to negative energy. (rN+++)
You do not regenerate when monsters are visible.
You are immune to unholy pain and torment.
You thrive by killing the living.


Message History

You barely miss the kobold.
The kobold is moderately wounded.
The hobgoblin closely misses you. The kobold completely misses you.
You barely miss the kobold.
The kobold is moderately wounded.
A ball python comes into view.
The hobgoblin hits you. The kobold barely misses you.
The ball python hisses angrily.
You scratch the kobold but do no damage.
The kobold is moderately wounded.
The hobgoblin closely misses you. The kobold hits you with a +0 club.
You scratch the kobold but do no damage.
The kobold is moderately wounded.
The hobgoblin hits you. The kobold closely misses you.
You are too injured to fight recklessly!
You are too injured to fight recklessly!
You are too injured to fight recklessly!
You are too injured to fight recklessly!
You are too injured to fight recklessly!
You are too injured to fight recklessly!
You are too injured to fight recklessly!
You are too injured to fight recklessly!
You scratch the hobgoblin.
You kill the hobgoblin!
You feel better. The kobold hits you with a +0 club.
You scratch the kobold but do no damage.
The kobold is moderately wounded.
The kobold barely misses you.
You scratch the kobold.
The kobold is severely wounded.
The ball python bites you. The ball python grabs you.
The ball python constricts you. The kobold hits you with a +0 club.
You barely miss the ball python. The ball python barely misses you.
The ball python constricts you. The kobold hits you with a +0 club.
* * * LOW HITPOINT WARNING * * *
You scratch the ball python but do no damage.
The ball python completely misses you. The ball python constricts you.
* * * LOW HITPOINT WARNING * * *
The kobold hits you with a +0 club.
You die...

8≈≈≈.#...#.#(.........
≈≈≈≈.†...#............
≈≈≈≈...†.............
.≈≈..).†........$..#
≈.!≈.#....[........#
≈≈≈≈.#......#......#
≈≈≈≈.########...#######.
≈≈≈≈.# #...........
≈≈≈≈.# #.?.@.......
8≈≈≈.. #...SK......
≈≈≈#... ####.......#
≈≈##.... ......### ≈..
.#...... .# ......# .
......# #. ......#


You could see a ball python and a kobold.

Vanquished Creatures
  A goblin (D:1)
  A hobgoblin (D:1)
  A bat (D:1)
  A frilled lizard (D:1)
  A kobold (D:1)
  2 rats (D:1)
7 creatures vanquished.

Notes
Turn   | Place    | Note
-------+----------+-------------------------------------------
     0 | D:1      | stipulation the Ghoul Monk began the quest for the Orb.
     0 | D:1      | Reached XP level 1. HP: 19/19 MP: 1/1
   141 | D:1      | Slain by a kobold

Illustrated notes

Levels and vault maps discovered:
D:1:      nzn_arrival_water_spiral, layout_basic, serial_shops,
          nicolae_shop_back_alley_shop, kennysheep_nondescript,
          chequers_mini_garden

Action                     || total
---------------------------++-------
  Melee: Unarmed           ||    27
 Armour: Robe              ||    20
  Dodge: Dodged            ||    22
